 Dungeon Crawl Stone Soup version 0.17-a0-1718-g72dbe4d (webtiles) character file.

119 Gargoyl the Skirmisher (level 4, 0/37 HPs)
             Began as a Demonspawn Abyssal Knight on Aug 25, 2015.
             Was a Believer of Lugonu.
             Slain by a gnoll
             ... wielding a +0 halberd
              (14 damage)
             ... on level 2 of the Dungeon.
             The game lasted 00:05:33 (3013 turns).

Gargoyl the Skirmisher (Demonspawn Abyssal Knight)  Turns: 3013, Time: 00:05:34

Health: 0/37       AC:  5    Str: 13    XL:     4   Next: 74%
Magic:  15/15      EV: 11    Int: 14    God:    Lugonu [**....]
Gold:   45         SH:  0    Dex: 15    Spells: 0 memorised, 3 levels left

rFire  . . .     SeeInvis .     a - +1 hand axe
rCold  . . .     Clarity  .     o - +0 ring mail
rNeg   . . .     SustAt   .     (no shield)
rPois  .         Gourm    .     (no helmet)
rElec  .         Spirit   .     (no cloak)
rCorr  .         Warding  .     (no gloves)
rMut   .         Stasis   .     (no boots)
MR     .....                    (no amulet)
Stlth  +.........               r - +3 ring of dexterity
                                e - ring of magical power

@: not resistant to hostile enchantments, very unstealthy
A: talons 1
a: Depart the Abyss, Bend Space, Renounce Religion


You were on level 2 of the Dungeon.
You worshipped Lugonu.
Lugonu was pleased with you.
You were not hungry.

You visited 1 branch of the dungeon, and saw 3 of its levels.
You visited the Abyss 1 time.

You collected 45 gold pieces.

Inventory:

Hand weapons
 a - a +1 hand axe (weapon)
Missiles
 i - 33 stones (quivered)
Armour
 o - a +0 ring mail (worn)
Jewellery
 e - a ring of magical power (left hand)
 j - a +5 ring of intelligence
 r - a +3 ring of dexterity (right hand)
Scrolls
 b - a scroll of recharging {unknown}
 c - a scroll of identify
 g - a scroll of remove curse
 h - 2 scrolls of random uselessness {unknown}
 l - a scroll of noise {unknown}
 p - a scroll of enchant armour {unknown}
 t - a scroll of magic mapping {unknown}
Potions
 d - 2 potions of curing
 f - a potion of haste {unknown}
 m - a potion of resistance {unknown}
 n - 2 potions of agility {unknown}
 s - a potion of flight {unknown}
Comestibles
 k - a meat ration
 q - a bread ration


   Skills:
 + Level 3.9 Fighting
 + Level 2.4 Axes
 + Level 0.1 Throwing
 + Level 2.6 Armour
 + Level 1.6 Dodging
 + Level 3.4 Invocations


You had 3 spell levels left.
You didn't know any spells.

Dungeon Overview and Level Annotations

Branches:
Dungeon (3/15)

Altars:
Dithmenos

Annotations:
D:3 Robin


Innate Abilities, Weirdness & Mutations

You have sharp toenails.


Message History

Space bends around you!
You blink.
You feel slightly more hungry. The bat misses you. The bat closely misses you.
The bat hits you but does no damage. The bat closely misses you.
The bat barely misses you. The bat closely misses you.
You barely miss the bat. Your kick misses the bat. The bat closely misses you.
The bat hits you but does no damage.
You barely miss the bat. You claw the bat, but do no damage. The bat hits you.
The gnoll closely misses you.
You miss the bat. The bat barely misses you.
Your ring mail prevents you from hitting the bat.
The bat hits you but does no damage.
The gnoll hits you from afar with a halberd!
* * * LOW HITPOINT WARNING * * *
Drink which item? (? for menu, Esc to quit)
You feel better. The bat hits you but does no damage.
The gnoll hits you from afar with a halberd!
You die...

#........# #.# #.##...#.# ##.#
###### #.#.###..###... .....#
#..#####)##...# ...#.#
####..##.)ยง[...#.. ##...#
#gg..g.gg[.)##.... ###.[######
#g##...g.#..###... # #.......###
#b##........# ##.# ###.........#
#@###.#..##.# #.# ............#
#.#......##.# #.#
###.....#...####.......###.# ##'#
##.....###.)...###.#<#####.###...
##.##..###..##.###.#..)....##....
.#.###..#..###........######.....
....##.....##..###.#...####......
..........................'......
..##.........##..#.#...####......


You could see 3 gnolls and a bat.

Vanquished Creatures
  5 adders
  A gnoll (D:1)
  A worm (D:2)
  4 giant geckos
  4 orcs (D:2)
  A ball python (D:1)
  A giant cockroach (D:2)
  4 goblins
  10 hobgoblins
  A jackal (D:1)
  8 kobolds
  2 quokkas (D:2)
  2 bats
  2 giant newts
  9 rats
55 creatures vanquished.

Vanquished Creatures (others)
  4 tentacles (Abyss:1)
  18 tentacle segments (Abyss:1)
22 creatures vanquished.

Grand Total: 77 creatures vanquished

Notes
Turn   | Place    | Note
--------------------------------------------------------------
     0 | Abyss:1  | Gargoyl the Demonspawn Abyssal Knight began the quest for the Orb.
     0 | Abyss:1  | Reached XP level 1. HP: 18/18 MP: 2/2
    15 | Abyss:1  | Noticed a kraken
    79 | Abyss:1  | Noticed a crimson imp
   107 | Abyss:1  | Noticed a small abomination
   115 | D:1      | Escaped the Abyss
   137 | D:1      | Acquired Lugonu's first power
   235 | D:1      | Gained mutation: You have sharp toenails. [demonic ancestry]
   235 | D:1      | Reached XP level 2. HP: 24/24 MP: 4/4
   581 | D:1      | Reached skill level 1 in Dodging
   581 | D:1      | Reached XP level 3. HP: 15/29 MP: 5/5
  1810 | D:2      | Acquired Lugonu's second power
  1904 | D:2      | Found a shadowy altar of Dithmenos.
  1922 | D:2      | Reached XP level 4. HP: 30/37 MP: 6/6
  2690 | D:3      | Noticed Robin
  3013 | D:2      | Slain by a gnoll

Vault maps used:
D:1:      roderic_crossed_star, minmay_liquid_box, minmay_stone_trees_large,
          minmay_distorted
D:2:      nicolae_dithmenos_shadow_blocks, grunt_ministairs_10,
          kennysheep_generic_room_12
D:3:      lemuel_crystal_altar, uniq_robin

Action                   |  1- 3 |  4- 6 || total
-------------------------+-------+-------++-------
Melee: Hand axe          |   127 |    67 ||   194
Throw: Stone             |    22 |       ||    22
Invok: Depart the Abyss  |     1 |       ||     1
       Bend Space        |       |     1 ||     1
  Use: Scroll            |       |     3 ||     3
       Potion            |       |     3 ||     3
  Eat: Chunk             |     1 |     2 ||     3
       Bread ration      |     1 |       ||     1
